Map: Taito Citadel LE

Players

HoldTheDoor - Winner!

  • Race: Protoss Protoss
  • League: Diamond
  • Spawn Location: 11:00

RandomTerran

  • Race: Protoss Protoss
  • League: Master
  • Spawn Location: 5:00

VOD

Have the link to the VOD?

Description

Time

  • Played on: May 25, 2026, 1:07 p.m.
  • Length: 6:10
Show
View Real Time Build Order
Export as new Build Order

HoldTheDoor Protoss - Winner!

Build Orders:  

Get SALT Encoding   

  12  0:00  Probe  
  13  0:12  Probe  
  14  0:18  Pylon  
  14  0:23  Probe  
  15  0:32  Probe  
  15  0:38  Gateway  
  15  0:40  Probe  
  16  0:49  Assimilator  
  17  0:51  Probe  
  18  1:03  Probe  
  19  1:15  Probe  
  20  1:18  Assimilator  
  20  1:26  Cybernetics Core  
  20  1:27  Probe  
  21  1:39  Probe  
  22  1:46  Gateway  
  22  1:49  Pylon  
  22  1:51  Probe  
  23  1:55  Warp Gate  
  23  2:04  Stalker  
  23  2:07  Probe  
  26  2:09  Pylon  
  26  2:12  Shield Battery  
  26  2:19  Probe  
  27  2:28  Robotics Facility  
  27  2:40  Stalker x2  
  31  2:52  Gateway  
  31  2:58  Pylon  
  31  3:09  Immortal  
  31  3:11  Pylon  
  35  3:27  Pylon  
  35  3:35  Gateway  
  35  3:45  Sentry  
  35  3:46  Stalker  
  39  3:52  Stalker  
  41  4:04  Pylon  
  39  4:28  Stalker x3  
  45  4:41  Shield Battery  
  45  4:43  Shield Battery  
  43  5:00  Immortal, Stalker  
  43  5:01  Stalker x2  
  51  5:38  Stalker x3  
  51  5:39  Stalker  
  59  6:02  Stalker x3  
Show
View Real Time Build Order
Export as new Build Order

RandomTerran Protoss 

Build Orders: 1 Gate Expand 

Get SALT Encoding   

  12  0:00  Probe  
  13  0:12  Probe  
  14  0:19  Pylon  
  14  0:24  Probe  
  15  0:37  Probe  
  15  0:39  Gateway  
  16  0:46  Probe  
  16  0:49  Assimilator  
  17  0:54  Probe  
  17  1:03  Probe  
  19  1:16  Probe  
  20  1:26  Nexus  
  20  1:37  Cybernetics Core  
  20  1:40  Probe  
  21  1:52  Probe  
  22  2:03  Pylon  
  22  2:04  Probe  
  22  2:07  Gateway  
  23  2:14  Warp Gate  
  23  2:18  Stalker  
  23  2:21  Probe  
  26  2:29  Pylon  
  26  2:33  Probe  
  27  2:38  Assimilator  
  27  2:39  Probe  
  27  2:45  Probe  
  27  2:49  Stalker  
  28  2:51  Probe  
  28  2:53  Stalker  
  28  2:58  Probe  
  34  3:04  Probe  
  35  3:10  Probe  
  36  3:16  Probe, Stalker  
  39  3:22  Probe  
  39  3:26  Shield Battery, Stalker  
  42  3:40  Gateway  
  42  3:44  Pylon  
  42  3:46  Probe x2  
  44  3:56  Pylon  
  44  3:57  Pylon  
  44  4:04  Stalker  
  44  4:13  Stalker  
  45  4:30  Pylon x2  
  45  4:39  Pylon  
  45  4:44  Gateway  
  45  4:52  Stalker  
  47  4:59  Stalker  
  46  5:03  Pylon  
  46  5:06  Probe  
  46  5:07  Probe  
  48  5:15  Shield Battery  
  48  5:18  Probe  
  48  5:19  Probe  
  50  5:22  Pylon  
  50  5:31  Cybernetics Core  
  50  5:37  Zealot x2  
  54  5:46  Gateway  
Tags
 
Matchup
PvP
Replay Pack
SC2Mai2026
Spawn Locations
Cross Positions
Add a new tag
Caveats
  • Supply blocks, unpowered buildings, or Contaminate may cause inaccurate times.
  • Supply counts are checked every 10 seconds.